Map: Temple gelé

Players

zidar

  • Race: Zerg Zerg
  • League: Silver
  • Spawn Location: 11:00

GoyMK - Winner!

  • Race: Terran Terran
  • League: Gold
  • Spawn Location: 5:00

VOD

Have the link to the VOD?

Description

Time

  • Played on: April 30, 2016, 1:37 p.m.
  • Length: 5:36
Show
View Real Time Build Order
Export as new Build Order

zidar Zerg 

Build Orders: Hatch First 

Get SALT Encoding   

  12  0:02  Drone  
  13  0:12  Overlord  
  13  0:17  Drone  
  14  0:30  Drone x2  
  14  0:35  Drone  
  17  0:54  Hatchery  
  17  0:56  Drone  
  17  1:00  Drone  
  18  1:16  Spawning Pool  
  17  1:20  Extractor, Drone  
  17  1:23  Drone  
  18  1:35  Drone  
  19  1:40  Overlord  
  19  1:50  Drone  
  20  2:02  Drone  
  20  2:03  Queen  
  23  2:12  Drone x2  
  24  2:17  Overlord  
  24  2:23  Metabolic Boost  
  24  2:35  Drone  
  25  2:39  Queen  
  25  2:40  Extractor  
  25  2:41  Drone  
  27  2:50  Drone  
  28  3:00  Zergling x2  
  29  3:17  Drone x7  
  36  3:30  Zergling x2  
  36  3:31  Zergling x2  
  38  3:43  Baneling Nest  
  38  3:44  Pneumatized Carapace  
  38  3:45  Lair  
  37  3:54  Extractor  
  37  3:55  Extractor  
  35  4:19  Drone x5  
  35  4:20  Drone x4  
  35  4:24  Overlord x3  
  44  4:43  Overlord  
  44  4:48  Hatchery  
  43  4:58  Drone x4  
  43  4:59  Drone x3  
  48  5:16  Zergling x2  
  48  5:17  Zergling x4  
Show
View Real Time Build Order
Export as new Build Order

GoyMK Terran - Winner!

Build Orders:  

Get SALT Encoding   

  12  0:00  SCV  
  13  0:12  SCV  
  14  0:18  Supply Depot  
  14  0:25  SCV  
  15  0:39  SCV  
  15  0:40  Barracks  
  16  0:46  Refinery  
  16  0:51  SCV  
  17  1:06  SCV  
  18  1:18  SCV  
  19  1:29  Reaper  
  20  1:34  Supply Depot  
  20  1:40  Orbital Command  
  20  1:43  Refinery  
  20  2:10  Factory  
  20  2:14  SCV  
  21  2:28  Barracks Reactor  
  21  2:31  SCV  
  23  2:44  SCV  
  23  2:53  Command Center  
  23  2:56  Starport  
  23  2:59  SCV  
  24  3:13  Hellion x2  
  24  3:17  Supply Depot  
  28  3:20  Supply Depot  
  28  3:21  SCV  
  28  3:25  Marine  
  30  3:33  SCV  
  31  3:38  Medivac  
  31  3:39  Hellion x2  
  37  3:50  Armory  
  38  4:02  Marine, Hellion x2  
  41  4:21  SCV  
  41  4:23  Marine  
  43  4:25  Hellion x2  
  43  4:27  Medivac  
  49  4:32  SCV  
  50  4:43  Supply Depot  
  50  4:45  Marine  
  51  4:49  Hellion x2  
  55  4:53  SCV  
  55  4:54  SCV  
  60  5:00  Supply Depot  
  60  5:11  Marine, SCV x2  
  60  5:12  Hellion  
Tags
 
Matchup
TvZ
Spawn Locations
Cross Positions
Add a new tag
Caveats
  • Supply blocks, unpowered buildings, or Contaminate may cause inaccurate times.
  • Supply counts are checked every 10 seconds.